Map: Pride of Altaris LE

Players

herO

  • Race: Protoss Protoss

AgoElazer (Elazer) - Winner!

  • Race: Zerg Zerg

VOD

Have the link to the VOD?

Description

Time

  • Played on: Oct. 22, 2021, 8:11 a.m.
  • Length: 15:57
Show
View Real Time Build Order
Export as new Build Order

herO Protoss 

Build Orders: 1 Gate Expand, Oracle Opening 

Get SALT Encoding   

  12  0:00  Probe  
  13  0:14  Pylon  
  13  0:17  Probe (Chrono Boost)  
  14  0:27  Probe (Chrono Boost)  
  15  0:32  Probe (Chrono Boost)  
  16  0:41  Gateway  
  16  0:43  Probe  
  16  0:49  Assimilator  
  17  0:56  Probe  
  18  1:08  Probe  
  19  1:20  Probe  
  20  1:26  Nexus  
  20  1:36  Cybernetics Core  
  20  1:39  Probe  
  21  1:45  Assimilator  
  21  1:51  Probe  
  22  1:54  Pylon  
  22  2:03  Probe  
  23  2:12  Adept  
  25  2:16  Probe (Chrono Boost)  
  25  2:18  Stargate  
  26  2:27  Probe (Chrono Boost)  
  26  2:28  Warp Gate  
  27  2:32  Probe (Chrono Boost)  
  28  2:38  Probe (Chrono Boost)  
  28  2:42  Adept  
  32  2:47  Probe x2 (Chrono Boost)  
  33  2:52  Void Ray (Chrono Boost), Probe (Chrono Boost)  
  33  2:54  Probe  
  35  3:04  Pylon  
  39  3:06  Probe  
  39  3:07  Probe  
  41  3:15  Gateway  
  41  3:19  Probe x2  
  43  3:25  Oracle (Chrono Boost)  
  43  3:31  Probe x2  
  48  3:45  Nexus  
  48  3:48  Pylon  
  48  3:51  Probe x2  
  50  3:56  Assimilator  
  50  3:57  Assimilator  
  50  4:03  Probe x2  
  50  4:06  Stargate  
  52  4:12  Forge  
  52  4:15  Pylon  
  52  4:18  Probe x2  
  52  4:19  Void Ray  
  58  4:31  Probe x2  
  60  4:43  Probe (Chrono Boost)  
  60  4:44  Probe (Chrono Boost), Void Ray  
  62  4:48  Pylon  
  66  4:55  Probe x2 (Chrono Boost), Protoss Air Weapons Level 1  
  66  4:57  Shield Battery  
  66  4:59  Probe (Chrono Boost)  
  69  5:00  Void Ray  
  69  5:03  Probe (Chrono Boost)  
  69  5:04  Probe (Chrono Boost)  
  69  5:06  Probe (Chrono Boost)  
  76  5:11  Probe x3 (Chrono Boost)  
  79  5:21  Assimilator  
  79  5:22  Probe  
  79  5:23  Probe x2, Assimilator  
  82  5:30  Fleet Beacon  
  82  5:34  Void Ray (Chrono Boost)  
  82  5:37  Probe x2  
  82  5:38  Probe  
  82  5:40  Void Ray (Chrono Boost)  
  88  5:43  Pylon  
  92  5:51  Pylon  
  92  5:52  Pylon  
  92  5:53  Probe, Pylon  
  92  5:56  Photon Cannon  
  93  6:08  Void Ray (Chrono Boost)  
  93  6:10  Zealot x2  
  93  6:11  Probe x3  
  90  6:15  Shield Battery  
  93  6:23  Flux Vanes  
  93  6:24  Photon Cannon  
  80  6:30  Shield Battery, Photon Cannon  
  80  6:32  Shield Battery  
  79  6:35  Void Ray  
  79  6:37  Sentry  
  80  6:43  Pylon  
  84  6:50  Zealot  
  82  6:55  Pylon  
  82  6:59  Void Ray  
  84  7:12  Void Ray  
  84  7:15  Probe x2  
  77  7:16  Pylon  
  70  7:27  Probe x2  
  62  7:51  Cybernetics Core  
  62  7:53  Zealot  
  64  7:59  Probe x2  
  62  8:13  Zealot  
  62  8:19  Probe  
  62  8:20  Probe  
  63  8:30  Void Ray (Chrono Boost)  
  63  8:31  Probe  
  63  8:32  Probe  
  63  8:33  Void Ray (Chrono Boost)  
  57  8:44  Probe  
  57  8:45  Probe  
  59  8:57  Probe x2  
  61  9:09  Probe x2  
  59  9:10  Void Ray (Chrono Boost)  
  63  9:21  Probe x2  
  65  9:26  Void Ray (Chrono Boost)  
  65  9:33  Probe x2  
  71  9:40  Zealot  
  71  9:45  Probe  
  69  9:46  Void Ray (Chrono Boost)  
  73  10:00  Probe x2  
  73  10:03  Void Ray (Chrono Boost)  
  75  10:13  Void Ray (Chrono Boost)  
  79  10:15  Probe x2  
  81  10:34  Void Ray (Chrono Boost)  
  81  10:43  Probe x2, Void Ray  
  87  11:08  Void Ray (Chrono Boost)  
  83  11:20  Void Ray (Chrono Boost)  
  83  11:23  Pylon  
  83  11:28  Probe x2, Nexus  
  89  11:42  Void Ray (Chrono Boost)  
  89  11:44  Photon Cannon  
  89  11:46  Shield Battery  
  85  11:48  Probe x2  
  91  11:55  Shield Battery, Void Ray  
  91  11:58  Photon Cannon  
  95  12:06  Sentry  
  95  12:07  Sentry  
  99  12:10  Probe x2  
  101  12:18  Assimilator  
  101  12:24  Assimilator  
  101  12:25  Probe x2 (Chrono Boost)  
  103  12:33  Void Ray, Probe x2 (Chrono Boost)  
  105  12:38  Protoss Air Weapons Level 2  
  105  12:44  Probe x2  
  111  12:45  Probe, Void Ray  
  116  12:56  Probe  
  116  12:57  Probe x2  
  119  13:05  Robotics Facility  
  119  13:10  Probe x3  
  122  13:17  Pylon  
  122  13:19  Protoss Ground Weapons Level 1  
  122  13:21  Twilight Council  
  122  13:23  Probe x3  
  122  13:26  Pylon  
  125  13:37  Nexus  
  125  13:39  Sentry x2  
  129  13:46  Photon Cannon  
  129  13:49  Shield Battery  
  129  13:52  Robotics Bay  
  129  13:55  Observer (Chrono Boost)  
  130  13:58  Probe x2  
  132  14:03  Robotics Facility  
  132  14:05  Adept x2  
  132  14:08  Observer (Chrono Boost)  
  137  14:11  Probe x2  
  137  14:12  Probe  
  140  14:23  Probe  
  141  14:25  Photon Cannon  
  141  14:28  Shield Battery  
  141  14:43  Disruptor (Chrono Boost)  
  140  14:45  Nexus  
  140  14:48  Shield Battery, Photon Cannon x2  
  140  14:50  Pylon  
  140  14:51  Photon Cannon  
  140  14:59  Assimilator  
  140  15:01  Assimilator  
  140  15:08  Disruptor (Chrono Boost)  
  140  15:10  Disruptor (Chrono Boost)  
  140  15:23  Zealot  
  140  15:24  Zealot  
  144  15:30  Photon Cannon  
  144  15:31  Photon Cannon  
  144  15:32  Shield Battery  
  120  15:36  Templar Archives  
Show
View Real Time Build Order
Export as new Build Order

AgoElazer Zerg - Winner!

Build Orders: Hatch First 

Get SALT Encoding   

  12  0:00  Drone  
  13  0:12  Overlord  
  13  0:17  Drone  
  14  0:31  Drone x2  
  16  0:49  Hatchery  
  15  0:52  Drone  
  15  0:55  Drone  
  17  0:58  Drone  
  18  1:10  Extractor  
  17  1:14  Spawning Pool  
  17  1:16  Drone  
  17  1:20  Drone  
  18  1:29  Drone  
  19  1:39  Drone  
  20  1:49  Overlord  
  20  2:00  Queen x2  
  24  2:01  Drone  
  24  2:02  Zergling x2  
  26  2:11  Drone  
  26  2:12  Zergling x2  
  26  2:15  Metabolic Boost  
  28  2:22  Drone  
  29  2:23  Drone  
  30  2:32  Drone  
  30  2:34  Drone  
  30  2:36  Queen  
  34  2:44  Drone  
  35  2:45  Overlord  
  35  2:53  Hatchery  
  35  2:57  Drone  
  35  2:59  Overlord  
  35  3:08  Drone x2  
  35  3:09  Drone  
  35  3:10  Drone x2  
  40  3:13  Drone x2  
  40  3:19  Queen  
  42  3:25  Queen  
  46  3:28  Drone  
  46  3:30  Overlord  
  46  3:33  Overlord  
  47  3:38  Drone  
  47  3:39  Drone  
  47  3:41  Drone  
  50  3:49  Drone x2  
  50  3:52  Drone x5  
  57  3:56  Spore Crawler  
  57  4:00  Drone  
  57  4:04  Queen  
  57  4:07  Drone x2  
  61  4:12  Overlord  
  61  4:14  Drone  
  62  4:17  Drone x4  
  62  4:24  Overlord  
  66  4:27  Extractor  
  66  4:28  Roach Warren  
  64  4:32  Drone x5  
  64  4:33  Drone  
  64  4:38  Extractor  
  69  4:40  Overlord  
  69  4:41  Drone  
  69  4:44  Lair  
  69  4:45  Queen  
  72  4:49  Spore Crawler  
  72  4:50  Spore Crawler  
  72  4:52  Zergling x10  
  75  4:54  Overlord  
  75  4:57  Overlord  
  75  5:15  Overlord  
  75  5:17  Roach x9  
  75  5:18  Roach  
  95  5:26  Zergling x14  
  102  5:38  Zergling x6  
  104  5:44  Zergling x10  
  104  5:48  Zergling x12  
  114  5:52  Overlord  
  114  5:53  Overlord  
  113  6:05  Ravager x2  
  112  6:11  Ravager x2  
  112  6:12  Ravager x2  
  112  6:15  Zergling x26  
  112  6:16  Zergling x2  
  127  6:20  Queen x2  
  129  6:27  Ravager  
  130  6:34  Overlord  
  129  6:40  Queen, Hatchery  
  121  6:58  Zergling x18  
  121  6:59  Queen x2  
  117  7:15  Queen  
  91  7:31  Drone  
  91  7:32  Drone x6, Hydralisk Den, Evolution Chamber  
  91  7:33  Drone x2  
  91  7:35  Queen x2  
  91  7:36  Infestation Pit  
  76  7:45  Drone x3  
  76  7:48  Extractor  
  78  7:51  Queen  
  78  7:55  Overlord  
  80  8:03  Grooved Spines, Hydralisk x11  
  102  8:11  Queen  
  100  8:15  Hydralisk  
  100  8:16  Hydralisk  
  99  8:21  Hydralisk  
  99  8:22  Queen  
  103  8:27  Queen  
  103  8:31  Hydralisk x2  
  87  8:44  Hydralisk x2  
  87  8:46  Queen  
  85  8:51  Spore Crawler x2, Hydralisk  
  85  8:52  Spore Crawler  
  78  8:56  Hydralisk  
  78  8:57  Queen  
  80  9:07  Queen  
  80  9:08  Spore Crawler x3, Queen  
  77  9:10  Zergling x16  
  77  9:15  Hydralisk x3  
  88  9:22  Queen, Hydralisk  
  86  9:33  Hydralisk x2  
  86  9:41  Queen  
  86  9:50  Hydralisk x2  
  86  9:51  Hydralisk  
  88  9:54  Queen  
  88  9:58  Queen  
  90  10:00  Hydralisk  
  92  10:11  Hydralisk x2  
  94  10:17  Queen  
  94  10:18  Hydralisk  
  90  10:28  Hydralisk x2  
  90  10:30  Queen  
  90  10:33  Queen  
  90  10:34  Hydralisk  
  87  10:41  Hydralisk  
  81  10:52  Queen  
  81  10:54  Hydralisk x2  
  83  10:59  Hydralisk  
  83  11:09  Queen  
  85  11:11  Hydralisk x2  
  89  11:19  Hatchery  
  89  11:21  Drone  
  89  11:22  Drone x2  
  89  11:23  Hydralisk x2  
  95  11:29  Queen  
  95  11:31  Hatchery  
  96  11:34  Hydralisk  
  96  11:35  Hydralisk  
  98  11:41  Muscular Augments  
  98  11:45  Queen  
  98  11:46  Hydralisk, Overlord  
  98  12:01  Drone x7  
  101  12:12  Hydralisk x2  
  105  12:18  Zerg Ground Armor Level 1  
  105  12:24  Overseer  
  105  12:32  Drone x5  
  108  12:40  Hive  
  108  12:42  Extractor  
  108  12:43  Drone  
  108  12:45  Drone  
  108  12:46  Drone  
  108  12:47  Drone  
  108  12:49  Drone  
  108  12:51  Drone  
  113  12:57  Drone x5  
  118  13:01  Drone x2  
  118  13:02  Extractor  
  119  13:13  Overlord  
  119  13:19  Drone x3, Extractor  
  121  13:20  Drone x2  
  121  13:21  Drone x2  
  121  13:22  Drone  
  121  13:24  Evolution Chamber  
  125  13:31  Hydralisk x2  
  125  13:32  Hydralisk x5  
  139  13:37  Overlord x2  
  139  13:42  Extractor  
  139  13:45  Zergling x2  
  139  13:48  Hydralisk x2  
  139  13:51  Zerg Missile Weapons Level 1  
  139  13:53  Viper x2, Hatchery  
  139  13:55  Viper  
  149  14:12  Viper  
  152  14:17  Viper  
  154  14:29  Overlord x2  
  154  14:30  Overlord x3  
  154  14:43  Overlord x3  
  154  14:45  Hydralisk x3  
  156  14:49  Hydralisk x7  
  174  14:58  Overseer  
  174  15:01  Spore Crawler, Hydralisk  
  174  15:02  Spore Crawler, Hydralisk x6  
  186  15:16  Hydralisk  
  186  15:17  Hydralisk x6  
Tags
 
Add a new tag
Caveats
  • Supply blocks, unpowered buildings, or Contaminate may cause inaccurate times.
  • Supply counts are checked every 10 seconds.